 Dungeon Crawl Stone Soup version 0.25-a0-869-g05d4e06a41 (webtiles) character file.

Game seed: 10966597670077480738, levelgen mode: deterministic

67 Maedhros the Sneak (level 4, 0/28 HPs)
             Began as an Octopode Artificer on May 1, 2020.
             Slain by a hound (2 damage)
             ... on level 4 of the Dungeon.
             The game lasted 00:01:54 (674 turns).

Maedhros the Sneak (Octopode Artificer)              Turns: 674, Time: 00:01:55

Health: 0/28       AC:  1    Str: 11    XL:     4   Next: 18%
Magic:  6/6        EV: 13    Int: 13    God:
Gold:   58         SH:  0    Dex: 13    Spells: 3/3 levels left

rFire    . . .     SeeInvis .   a - +0 short sword
rCold    + . .     Gourm    +   (no shield)
rNeg     . . .     Faith    .   (helmet restricted)
rPois    .         Spirit   .   k - amulet of the gourmand
rElec    .         Reflect  .   p - ring of protection from cold
rCorr    .         Harm     .   (no ring)
MR       .....                  (no ring)
Stlth    +++.......             (no ring)
HPRegen  0.09/turn              (no ring)
MPRegen  0.10/turn              (no ring)
                                (no ring)
                                (no ring)

@: no status effects
A: almost no armour, stealthy swim, amphibious, 8 rings, constrict 8, camouflage
1, gelatinous body 1
a: no special abilities


You were on level 4 of the Dungeon.
You were not hungry.

You visited 1 branch of the dungeon, and saw 4 of its levels.

You collected 58 gold pieces.

Inventory:

Hand Weapons
 a - a +0 short sword (weapon)
Jewellery
 k - an amulet of the gourmand (around mantle)
 p - a ring of protection from cold (left tentacle)
Wands
 b - a wand of flame (15)
 c - a wand of enslavement (15)
 d - a wand of random effects (15)
 n - a wand of polymorph (7)
Scrolls
 g - 2 scrolls of immolation
 h - a scroll of identify {unknown}
 j - a scroll of fog {unknown}
 m - 2 scrolls of magic mapping {unknown}
Potions
 e - a potion of flight {unknown}
 i - 2 potions of resistance {unknown}
 o - a potion of might {unknown}
Comestibles
 f - 4 rations
 l - a chunk of flesh


   Skills:
 - Level 1.0 Fighting
 - Level 1.0 Short Blades
 - Level 2.0 Dodging
 - Level 4.0 Stealth
 + Level 2.5 Unarmed Combat
 - Level 3.2 Evocations


You had 3 spell levels left.
You didn't know any spells.
Your spell library was empty.

Dungeon Overview and Level Annotations

Branches:
Dungeon (4/15)
 Temple: D:4-7

Altars:

Annotations:
D:3 1 runed translucent door, omer1ben's ghost, amateur DrFE


Innate Abilities, Weirdness & Mutations

You cannot wear most types of armour.
You are very stealthy in the water. (Stealth+)
You are amphibious.
You can wear up to eight rings at the same time.
You can use your tentacles to constrict eight enemies at once.
Your skin changes colour to match your surroundings (Stealth+).
Your rubbery body absorbs attacks. (AC +1, EV +1)


Message History

The hound closely misses you.
You hit the hound but do no damage. Your grab misses the hound.
The hound bites you.
You hit the hound. You grab the hound.
The hound is lightly wounded.
You constrict the hound, but do no damage.
The hound bites you.
* * * LOW HITPOINT WARNING * * *
The hound bites you.
* * * LOW HITPOINT WARNING * * *
You hit the hound but do no damage.
The hound is lightly wounded.
You constrict the hound. The hound closely misses you.
Unknown command.
You hit the hound.
The hound is heavily wounded.
You constrict the hound. The hound bites you.
* * * LOW HITPOINT WARNING * * *
The hound bites you.
You die...

#################################
......................>..........
################@.....###########
..# #h.....######## ..#
#.............# ..#
#.............#### ..+
+................. ..#
........###..............### ..+
.........+..........(..)..#
..##.........##....###........#
####.........##....# ########.#


You could see a hound.

Vanquished Creatures
  2 adders
  An ooze (D:4)
  2 worms
  A dart slug (D:2)
  A leopard gecko (D:4)
  6 orcs (D:4)
  A bat (D:2)
  2 giant cockroaches (D:2)
  3 goblins (D:2)
  3 hobgoblins
  2 jackals (D:4)
  2 kobolds
  A ball python (D:4)
  A frilled lizard (D:2)
  2 rats
30 creatures vanquished.

Notes
Turn   | Place    | Note
-------+----------+-------------------------------------------
     0 | D:1      | Maedhros the Octopode Artificer began the quest for the
                  | Orb.
     0 | D:1      | Reached XP level 1. HP: 13/13 MP: 3/3
    74 | D:2      | Reached skill level 2 in Stealth
    94 | D:2      | Reached skill level 3 in Stealth
    94 | D:2      | Reached XP level 2. HP: 14/18 MP: 4/4
   150 | D:2      | Reached skill level 4 in Stealth
   200 | D:2      | Reached XP level 3. HP: 19/23 MP: 5/5
   206 | D:2      | Reached skill level 1 in Unarmed Combat
   310 | D:3      | Found a runed translucent door.
   310 | D:3      | Noticed omer1ben's ghost (amateur DrFE)
   585 | D:4      | Reached XP level 4. HP: 17/28 MP: 6/6
   674 | D:4      | Slain by a hound

Levels and vault maps discovered:
D:1:      dpeg_arrival_solitude, layout_loops_ring
D:2:      layout_rooms, minmay_pentomino_s4
D:3:      layout_loops_ring, old_standard_altar, ebering_ghost_inner_flame,
          minmay_puff, uniq_sigmund
D:4:      layout_basic

Skill      XL: |  1  2  3 |
---------------+----------+-----
Stealth        | 3 4 |  4.0
Unarmed Combat | 2 |  2.5
Fighting       | |  1.0
Short Blades   | |  1.0
Dodging        | |  2.0
Evocations     | |  3.2

Action                   |  1- 3 |  4- 6 || total
-------------------------+-------+-------++-------
Melee: Short sword       |    53 |    14 ||    67
       Constrict         |    12 |     3 ||    15
       Tentacles         |    15 |     2 ||    17
 Stab: Sleeping          |    10 |       ||    10
  Eat: Chunk             |       |     3 ||     3
Armor: Skin              |     1 |     1 ||     2
Dodge: Dodged            |    23 |     6 ||    29

Table legend:
 A = Non-vault XP
 B = Vault XP
 C = Vault XP percentage of total XP
 D = Non-vault monster count
 E = Vault monster count
 F = Vault count percentage of total count
                 A         B        C        D         E       F
            +---------+---------+-------+---------+---------+-------
      Total |      80 |      17 |  17.5 |      26 |       4 |  13.3
            +---------+---------+-------+---------+---------+-------
        D:1 |       3 |       0 |   0.0 |       2 |       0 |   0.0
        D:2 |      25 |      17 |  40.5 |      10 |       4 |  28.6
        D:3 |      14 |       0 |   0.0 |       2 |       0 |   0.0
        D:4 |      38 |       0 |   0.0 |      12 |       0 |   0.0
            +---------+---------+-------+---------+---------+-------
